 Dungeon Crawl Stone Soup version 0.31-a0-1074-g0b22e4e0f1 (webtiles) character file.

Game seed: 5528818114527993639

44 RepHenryClay the Covered (level 3, -4/30 HPs)
             Began as an Armataur Fighter on Nov 26, 2023.
             Slain by Sigmund
             ... wielding a +1 vampiric scythe
              (7 damage)
             ... on level 2 of the Dungeon.
             The game lasted 00:02:52 (646 turns).

RepHenryClay the Covered (Armataur Fighter)          Turns: 646, Time: 00:02:52

Health: -4/30      AC:  7    Str: 23    XL:     3   Next: 41%
Magic:  3/3        EV:  7    Int:  8    God:
Gold:   76         SH:  4    Dex:  9    Spells: 2/2 levels left

rFire   . . .        a - +0 war axe (freeze)
rCold   . . .        c - +0 buckler
rNeg    . . .        b - +0 scale mail
rPois   .            (no helmet)
rElec   .            (no cloak)
rCorr   .            (no gloves)
SInv    .            (no barding)
Will    .....        (no amulet) Stlth
                     (no ring)
HPRegen 0.25/turn    (no ring)
MPRegen 0.08/turn

%: roll
@: mighty, weak-willed
A: large, deformed body, tough skin 3, armoured tail, roll 1, long tongue
a: no special abilities


You were on level 2 of the Dungeon.
You visited 1 branch of the dungeon, and saw 2 of its levels.

You collected 76 gold pieces.

Inventory:

Hand Weapons
 a - a +0 war axe of freezing (weapon)
Armour
 b - a +0 scale mail (worn)
 c - a +0 buckler (worn)
Potions
 e - a potion of lignification


   Skills:
 - Level 2.7 Fighting
 * Level 2.4 Axes
 + Level 4.1 Armour
 + Level 3.7 Shields


You had 2 spell levels left.
You didn't know any spells.
Your spell library contained the following spells:

 Spells                   Type           Power      Damage    Failure   Level
 Lesser Beckoning         Tloc           0%         N/A       89%         2
 Gell's Gravitas          Tloc           0%         N/A       98%         3
 Teleport Other           Tloc           0%         N/A       98%         3


Dungeon Overview and Level Annotations

Branches:
Dungeon (2/15)

Altars:

Annotations:
D:2 Sigmund


Innate Abilities, Weirdness & Mutations

Armour fits poorly on your strangely shaped body.
You have extremely tough skin. (AC +3)
You have a long armoured tail.
You roll when moving toward enemies. (Rampage)
Your long tongue fully drains potion bottles. (2x potion effects)


Message History

You swing at nothing.
Sigmund hits you but does no damage.
You swing at nothing.
Your transformation is almost over.
You feel yourself speed up. You block Sigmund's attack.
Sigmund hits you but does no damage.
You swing at nothing.
Sigmund hits you but does no damage.
You swing at nothing.
Sigmund is suddenly surrounded by pale green light.
Sigmund hits you but does no damage.
You swing at nothing.
You swing at nothing.
Sigmund hits you but does no damage.
You swing at nothing.
You feel less wooden.
Your +0 scale mail unmelds from your body.
Sigmund hits you from afar with a +1 vampiric scythe.
* * * LOW HITPOINT WARNING * * *
Huge Dmg: -24%(-7hp) hp: 40%(12hp) Sorry, you're not good enough to have a special ability.
You roll towards Sigmund!
You barely miss Sigmund.
Sigmund mumbles some strange words.
Sigmund flickers and vanishes!
Deactivating autopickup; reactivate with Ctrl-A.
Something hits you.
* * * LOW HITPOINT WARNING * * *
Huge Dmg: -20%(-6hp) hp: 20%(6hp) Level annotation: Sigmund Welcome back, RepHenryClay the Armataur Fighter.
Press ? for a list of commands and other information.
Deactivating autopickup; reactivate with Ctrl-A.
You hit something. You freeze something. Something hits you.
* * * LOW HITPOINT WARNING * * *
Huge Dmg: -13%(-4hp) hp: 7%(2hp) Level annotation: Sigmund Welcome back, RepHenryClay the Armataur Fighter.
Press ? for a list of commands and other information.
Deactivating autopickup; reactivate with Ctrl-A.
You slash something! You freeze something. Something completely misses you.
You closely miss something.
You recover from your berserk rage.
You miss something. Something hits you!
You die...

****** *,,,.##############
*,,,.##############
*,,,.##############
*,,,.##############
*,,,)###############**
*,,,.###########....,*****
*,,,.##########..##*,,,,,*****
**,,,<######.@{..###*,,>,***,,,
**,,,,.######.#######*,,,,**,*,,
*,,,,,.######.#######*,,,,**,,*,
#.#.**#####...#######**,,,**,,,*
**#...#*#####.######### **,,**,,,,
*,.....,####..#########****,**,,,,
*,......####.####......,,**,**,,,*
**,......###..####..(...,,,,***,,*,
*,,......##..#####.,,,,,,,*,***,*,,


There were no monsters in sight!

Vanquished Creatures
  2 adders (D:2)
  2 endoplasms (D:1)
  2 giant cockroaches (D:1)
  A goblin (D:1)
  4 hobgoblins (D:1)
  A kobold (D:1)
  2 quokkas
  2 ball pythons (D:1)
  3 bats (D:1)
  2 frilled lizards (D:1)
  5 rats
26 creatures vanquished.

Notes
Turn   | Place    | Note
-------+----------+-------------------------------------------
     0 | D:1      | RepHenryClay the Armataur Fighter began the quest for the
                  | Orb.
     0 | D:1      | Reached XP level 1. HP: 18/18 MP: 1/1
    99 | D:1      | Found a faded altar of an unknown god.
   122 | D:1      | Reached XP level 2. HP: 25/25 MP: 2/2
   307 | D:1      | Upgraded the game from 0.31-a0-1071-gaead2f62b1 to
                  | 0.31-a0-1074-g0b22e4e0f1
   471 | D:1      | You fall into a shaft and drop 1 floor!
   477 | D:2      | Reached skill level 4 in Armour
   481 | D:2      | Reached XP level 3. HP: 17/30 MP: 3/3
   598 | D:2      | Noticed Sigmund
   646 | D:2      | Slain by Sigmund

Illustrated notes

Levels and vault maps discovered:
D:1:      eino_arrival_water_star, layout_loops_ring,
          hellmonk_ecumenical_altar_leap_of_faith, feat_on_display
D:2:      layout_rooms, hangedman_decor_slide_cut, uniq_terence, uniq_sigmund

Skill      XL: |  1  2 |
---------------+-------+-----
Axes           | 2 |  2.4
Armour         | 4 |  4.1
Fighting       | |  2.7
Shields        | |  3.7

Action                     || total
---------------------------++-------
  Melee: War axe           ||    79
         Tailslap          ||     3
    Use: Potion            ||     5
         Scroll            ||     4
 Armour: Scale mail        ||    62
         Skin              ||    25
  Dodge: Dodged            ||    42
  Block: Buckler           ||    18

Table legend: (Time is in decaauts)
 A = Elapsed time spent in this place.
 B = Non-inter-level travel time spent in this place.
 C = Inter-level travel time spent in this place.
 D = Time resting spent in this place.
 E = Time spent auto-exploring this place.
 F = Levels seen in this place.
 G = Mean time per level.
                   A        B        C        D        E       F      G
               +--------+--------+--------+--------+--------+-----+--------+
         Total |    696 |    696 |      0 |      0 |    450 |   2 |  348.0 |
       Dungeon |    696 |    696 |      0 |      0 |    450 |   2 |  348.0 |
               +--------+--------+--------+--------+--------+-----+--------+

Top non-repeatable levels by time:
     D:1: 490 daAuts
     D:2: 205 daAuts
